 Dungeon Crawl Stone Soup version 0.17-a0-2122-g03d97ec (webtiles) character file.

2428 fredomojojo the Shield-Bearer (level 9, -1/78 HPs)
             Began as a Minotaur Fighter on Oct 21, 2015.
             Was a Follower of Okawaru.
             Slain by a flying skull (9 damage)
             ... created by the anger of Yredelemnul
             ... on level 6 of the Dungeon.
             The game lasted 01:17:35 (4178 turns).

fredomojojo the Shield-Bearer (Minotaur Fighter)    Turns: 4178, Time: 01:17:35

Health: -1/78      AC: 13    Str: 25    XL:     9   Next: 24%
Magic:  8/8        EV:  9    Int:  7    God:    Okawaru [*.....]
Gold:   409        SH: 12    Dex: 11    Spells: 0 memorised, 8 levels left

rFire  . . .     SeeInvis .     P - +2 flail (freeze)
rCold  . . .     Clarity  .     j - +0 chain mail
rNeg   + . .     SustAt   .     c - +1 shield
rPois  .         Gourm    .     (helmet restricted)
rElec  .         Spirit   .     x - +0 cloak
rCorr  .         Warding  +     z - +0 pair of gloves
rMut   .         Stasis   .     (no boots)
MR     +....                    N - amulet of warding
Stlth  ..........               A - +2 ring of dexterity
                                y - ring of flight

@: flying, somewhat resistant to hostile enchantments, extremely unstealthy
A: retaliatory headbutt, horns 2, camouflage 1, clever 1, magic resistance 1
a: Heroism, Renounce Religion, Stop Flying


You were on level 6 of the Dungeon.
You worshipped Okawaru.
Okawaru was aware of your devotion.
You were not hungry.

You visited 2 branches of the dungeon, and saw 7 of its levels.

You collected 409 gold pieces.

Inventory:

Hand Weapons
 a - a +0 war axe
 w - a +3 quarterstaff of chaos
 J - a +0 shortbow
 O - a +0 shortbow
 P - a +2 flail of freezing (weapon)
 Q - a +3 halberd
Missiles
 l - 213 stones (quivered)
 p - 83 arrows
 C - 13 sling bullets
 K - 8 poisoned arrows
Armour
 c - a +1 shield (worn)
 j - a +0 chain mail (worn)
 x - a +0 cloak (worn)
 z - a +0 pair of gloves (worn)
Jewellery
 k - an uncursed amulet of faith
 s - an uncursed ring of see invisible
 y - a ring of flight (left hand)
 A - a +2 ring of dexterity (right hand)
 M - an uncursed ring of stealth
 N - an amulet of warding (around neck)
Wands
 L - a wand of fireball (6)
 R - a wand of polymorph (5)
Scrolls
 b - a scroll of noise {unknown}
 g - 4 scrolls of identify
 i - a scroll of enchant armour
 q - a scroll of recharging {unknown}
 r - a scroll of teleportation
 t - 2 scrolls of magic mapping
 u - a scroll of enchant weapon {unknown}
 F - a scroll of blinking {unknown}
 I - a scroll of amnesia {unknown}
Potions
 d - a potion of might
 m - a potion of invisibility
 v - 2 potions of mutation
 B - 2 potions of brilliance
 D - a potion of berserk rage {unknown}
 G - a potion of degeneration {unknown}
 H - a potion of agility {unknown}
Comestibles
 e - 2 bread rations
 h - a slice of pizza
 n - 2 beef jerkies
 o - 3 meat rations
 E - 3 fruits


   Skills:
 + Level 6.9 Fighting
 + Level 6.8(6.9) Axes
 + Level 0.2(4.2) Maces & Flails
 + Level 4.3 Throwing
 + Level 7.5 Armour
 + Level 4.5 Dodging
 + Level 7.7 Shields


You had 8 spell levels left.
You didn't know any spells.

Dungeon Overview and Level Annotations

Branches:
Dungeon (6/15)             Temple (1/1) D:5

Altars:
Ashenzari
Cheibriados
Dithmenos
Elyvilon
Fedhas
Gozag
Kikubaaqudgha
Makhleb
Nemelex Xobeh
Okawaru
Qazlal
Ru
Sif Muna
Trog
Xom
Yredelemnul
Zin
The Shining One


Innate Abilities, Weirdness & Mutations

You reflexively headbutt those who attack you in melee.
You have a pair of horns on your head.
Your skin changes colour to match your surroundings (Stealth).
Your mind is acute. (Int +2)
You are resistant to hostile enchantments.


Message History

You miss the flying skull.
The flying skull is moderately damaged.
You block the flying skull's attack.
The flying skull hits you but does no damage.
You closely miss the flying skull.
The flying skull is moderately damaged.
You block the flying skull's attack.
The flying skull hits you but does no damage.
You miss the flying skull.
The flying skull is lightly damaged.
You block the flying skull's attack. The flying skull hits you.
* * * LOW HITPOINT WARNING * * *
You closely miss the flying skull. Your headbutt misses the flying skull.
The flying skull is lightly damaged.
You block the flying skull's attack.
Your shield and chain mail prevent you from hitting the flying skull.
You headbutt the flying skull.
The flying skull is moderately damaged.
The flying skull hits you!
You die...

#.###....#.####.#
#.....##.._..#
#....#####.#..
##.#.######..#..###
#<......(..........
####........#######
#...#..># #
####$[## ###
#.@z...# #.####...#
... ..## #### .$#
..# ##


You could see a flying skull.

Vanquished Creatures
  Pikel (D:5)
  2 flying skulls (D:6)
  The ghost of bart the Chopper, an amateur GrSk (D:4)
  A black bear (D:6)
  A water moccasin (D:6)
  A sky beast (D:5)
  2 ice beasts
  2 phantoms
  2 centaurs (D:5)
  2 giant frogs
  2 scorpions
  4 wights
  A crimson imp (D:6)
  2 hounds
  An orc priest (D:4)
  A giant frog skeleton (D:4)
  Crazy Yiuf (D:3)
  Ijyb (D:3)
  2 jellies
  Jessica (D:3)
  2 iguanas (D:4)
  2 worker ants
  10 adders
  12 gnolls
  2 adder skeletons (D:4)
  2 worms (D:2)
  4 giant geckos
  5 orcs
  2 ball pythons (D:1)
  8 bats
  8 goblins
  12 hobgoblins
  8 jackals (D:1)
  3 kobolds
  3 quokkas (D:5)
  A ball python skeleton (D:4)
  6 giant cockroaches
  4 giant newts
  A quokka skeleton (D:5)
  9 rats
135 creatures vanquished.

Vanquished Creatures (others)
  A giant cockroach (D:5)
1 creature vanquished.

Grand Total: 136 creatures vanquished

Notes
Turn   | Place    | Note
--------------------------------------------------------------
     0 | D:1      | fredomojojo the Minotaur Fighter began the quest for the Orb.
     0 | D:1      | Reached XP level 1. HP: 19/19 MP: 0/0
   192 | D:1      | Reached XP level 2. HP: 22/27 MP: 1/1
   322 | D:1      | Reached skill level 4 in Fighting
   442 | D:2      | Reached XP level 3. HP: 33/33 MP: 2/2
   468 | D:2      | Reached XP level 4. HP: 18/40 MP: 3/3
   948 | D:2      | Reached skill level 1 in Dodging
   995 | D:2      | Found a shadowy altar of Dithmenos.
  1178 | D:3      | Reached XP level 5. HP: 45/47 MP: 4/4
  1207 | D:3      | Found a blossoming altar of Fedhas.
  1207 | D:3      | Found a deep blue altar of Sif Muna.
  1267 | D:3      | Reached skill level 1 in Throwing
  1336 | D:3      | Noticed Crazy Yiuf
  1347 | D:3      | Killed Crazy Yiuf
  1506 | D:3      | Found a faded altar to an unknown god.
  1507 | D:3      | Noticed Jessica
  1530 | D:3      | Killed Jessica
  1542 | D:3      | Became a worshipper of Yredelemnul the Dark
  1542 | D:3      | Reached * piety under Yredelemnul
  1582 | D:3      | Noticed Ijyb
  1597 | D:3      | Killed Ijyb
  1614 | D:3      | Reached XP level 6. HP: 47/55 MP: 5/5
  1783 | D:3      | Found a burning altar of Makhleb.
  1788 | D:3      | Reached skill level 5 in Armour
  1791 | D:3      | Reached skill level 5 in Shields
  1860 | D:3      | Reached skill level 5 in Fighting
  2056 | D:1      | Reached ** piety under Yredelemnul
  2557 | D:4      | Reached XP level 7. HP: 61/61 MP: 6/6
  2652 | D:5      | Entered Level 5 of the Dungeon
  2948 | D:4      | Found a sacrificial altar of Ru.
  2975 | D:4      | Noticed bart's ghost (amateur GrSk)
  3001 | D:4      | Killed bart's ghost
  3153 | D:5      | Reached skill level 5 in Axes
  3188 | D:5      | Found a staircase to the Ecumenical Temple.
  3225 | D:5      | Reached skill level 6 in Shields
  3236 | D:5      | Gained mutation: You are resistant to hostile enchantments. [potion of mutation]
  3236 | D:5      | Gained mutation: Your skin changes colour to match your surroundings (Stealth). [potion of mutation]
  3236 | D:5      | Gained mutation: Your mind is acute. (Int +2) [potion of mutation]
  3312 | D:5      | Noticed Pikel
  3337 | D:5      | Killed Pikel
  3337 | D:5      | Reached XP level 8. HP: 43/70 MP: 7/7
  3549 | D:5      | Found an iron altar of Okawaru.
  3552 | D:5      | Fell from the grace of Yredelemnul
  3552 | D:5      | Became a worshipper of Warmaster Okawaru
  3658 | Temple   | Entered the Ecumenical Temple
  3770 | D:6      | Reached skill level 7 in Shields
  3895 | D:6      | Reached XP level 9. HP: 72/78 MP: 8/8
  3925 | D:6      | Reached * piety under Okawaru
  3954 | D:6      | Found a stormy altar of Qazlal.
  4001 | D:6      | Found a sparkling altar of Nemelex Xobeh.
  4130 | D:6      | Found a shattered altar of Ashenzari.
  4178 | D:6      | Slain by a flying skull

Vault maps used:
D:1:      ncdulo_watergridlock, minivault_23
D:2:      grunt_dithmenos_smoke
D:3:      gammafunk_temple_overflow_wave, first_bread, ecumenical_altar_2,
          makhleb_blood_cavern_becter, uniq_jessica, uniq_iyjb,
          uniq_crazy_yiuf_cottage
D:4:      minivault_14, nicolae_ru_path_of_blood
D:5:      lemuel_ice_spiral_2, lemuel_doored_altar, lemuel_temple_firewalk,
          uniq_pikel
D:6:      kennysheep_little_box, lemuel_crystal_altar, ashenzari_altar_1
Temple:   nicolae_temple_no_exploring_needed

Action                   |  1- 3 |  4- 6 |  7- 9 || total
-------------------------+-------+-------+-------++-------
Melee: War axe           |    68 |   204 |   116 ||   388
       Flail             |       |       |    58 ||    58
Throw: Stone             |     9 |   104 |    76 ||   189
 Abil: Evoke Flight      |       |       |     1 ||     1
  Use: Scroll            |     1 |     1 |     4 ||     6
       Potion            |       |     3 |     4 ||     7
  Eat: Bread ration      |       |     2 |     1 ||     3
